 Dungeon Crawl Stone Soup version 0.28-a0-1365-g7e0445c96d (webtiles) character file.

Game seed: 18288242261316647432

1668 Silio the Protected (level 8, -4/70 HPs)
             Began as a Minotaur Fighter on Dec 30, 2021.
             Was a Believer of Okawaru.
             Slain by an orc warrior (9 damage)
             ... on level 6 of the Dungeon on Dec 31, 2021.
             The game lasted 00:51:14 (4942 turns).

Silio the Protected (Minotaur Fighter)              Turns: 4942, Time: 00:51:14

Health: -4/70      AC: 10    Str: 23    XL:     8   Next: 69%
Magic:  8/8        EV: 10    Int:  5    God:    Okawaru [**....]
Gold:   199        SH:  5    Dex: 10    Spells: 8/9 levels left

rFire   + . .      SeeInvis .   l - +2 whip (elec)
rCold   + . .      Faith    .   c - +0 buckler
rNeg    . . .      Spirit   .   b - +0 scale mail
rPois   .          Reflect  .   (helmet restricted)
rElec   .          Harm     .   r - scarf {rC+ rF+}
rCorr   .          Rampage  .   (no gloves)
Will    .....                   (no boots)
Stlth   ..........              (no amulet)
HPRegen 1.01/turn               (no ring)
MPRegen 0.11/turn               (no ring)

@: no status effects
A: horns 2, retaliatory headbutt, fangs 1, iridescent scales 1, regeneration 1
a: Renounce Religion, Heroism


You were on level 6 of the Dungeon.
You worshipped Okawaru.
Okawaru was pleased with you.
You visited 1 branch of the dungeon, and saw 6 of its levels.

You collected 199 gold pieces.

Inventory:

Hand Weapons
 l - a +2 whip of electrocution (weapon)
Missiles
 g - 10 poisoned darts (quivered)
 o - 6 javelins
Armour
 b - a +0 scale mail (worn)
 c - a +0 buckler (worn)
 r - a scarf of resistance (worn)
Magical Staves
 f - a staff of poison
Wands
 a - a wand of digging (5)
Scrolls
 e - a scroll of teleportation
 h - a scroll of torment {unknown}
 i - 2 scrolls of fear {unknown}
 q - a scroll of fog {unknown}
 s - a scroll of silence {unknown}
 u - a scroll of identify {unknown}
Potions
 d - a potion of might
 j - a potion of heal wounds {unknown}
 v - a potion of berserk rage {unknown}


   Skills:
 + Level 5.7 Fighting
 + Level 5.9 Maces & Flails
 * Level 10.2 Armour
 - Level 0.5 Stealth
 + Level 4.9 Shields
 + Level 1.0 Spellcasting
 * Level 2.3 Necromancy


You had 8 spell levels left.
You knew the following spells:

 Your Spells              Type           Power      Damage    Failure   Level
a - Pain                  Necr           8%         1d4       36%         1

Your spell library contained the following spells:

 Spells                   Type           Power      Damage    Failure   Level
 Vampiric Draining        Necr           2%         2d6       75%         3
 Agony                    Necr           2%         N/A       100%        5
 Excruciating Wounds      Necr           1%         N/A       100%        5
 Animate Skeleton         Necr           Unusable   N/A       N/A         1

Dungeon Overview and Level Annotations

Branches:
Dungeon (6/15)
 Temple: D:4-7

Altars:
Ashenzari
Nemelex Xobeh
Okawaru
Sif Muna
Uskayaw
Yredelemnul


Innate Abilities, Weirdness & Mutations

You have a pair of horns on your head.
You reflexively headbutt those who attack you in melee.
You have very sharp teeth.
You are partially covered in iridescent scales. (AC +2)
Your natural rate of healing is unusually fast.


Message History

The orc warrior is severely wounded.
The centaur closely misses you.
The centaur kicks you but does no damage.
Something hits you but does no damage. The orc warrior closely misses you.
The centaur hits you with a +0 dagger. The centaur barely misses you.
You hit the gnoll sergeant but do no damage.
Lightning courses through the gnoll sergeant!
You headbutt the gnoll sergeant.
You bite the gnoll sergeant, but do no damage.
The gnoll sergeant is severely wounded.
The gnoll sergeant hits you but does no damage.
The centaur hits you but does no damage.
The centaur kicks you but does no damage.
The orc warrior hits you with a +1 mace of holy wrath!
You block something's attack.
You hit the gnoll sergeant.
You headbutt the gnoll sergeant, but do no damage.
The gnoll sergeant is almost dead.
The gnoll sergeant closely misses you.
The centaur hits you but does no damage.
The centaur closely misses you.
You barely miss the gnoll sergeant.
The gnoll sergeant is almost dead.
Something hits you but does no damage.
The orc warrior hits you with a +1 mace of holy wrath!
* * * LOW HITPOINT WARNING * * *
The centaur hits you with a +0 dagger.
* * * LOW HITPOINT WARNING * * *
You block the centaur's attack.
The gnoll sergeant hits you with a +0 mace!
* * * LOW HITPOINT WARNING * * *
The centaur unwields a +0 dagger.
The centaur wields a +0 shortbow.
The centaur shoots an arrow.
The arrow hits you.
* * * LOW HITPOINT WARNING * * *
The centaur shoots an arrow.
The arrow hits you.
* * * LOW HITPOINT WARNING * * *
You hit the gnoll sergeant.
The gnoll sergeant is almost dead.
The orc warrior hits you with a +1 mace of holy wrath!
You die...

.###..))........>.##.#
.
###...#)).####.......#
. #..###..# ###....##
.# ##..# ##..# ##...###
#.# #...# ##.#
#.....#####..# ##..##
#..## ##o..........)#
#...#
#..###c)...[.......##
....#
#...##g........###..###
...###
#.....@o.####...#....#.
##...## ###.....###
##.........
##...####...##..[#
##....[...
##........####..#
#.....†.. ##..###...#
##.# ##....... #..##
#...# #..# #.......
#..# ##..# ##.#
#...#### ...## ##.##
..## #.### # .... #).##
#<.####..#


You could see an orc warrior, a gnoll sergeant, a centaur and an orc.

Vanquished Creatures
  Pikel (D:4)
  Menkaure (D:6)
  A water moccasin (D:6)
  A sky beast (D:5)
  2 ogres (D:5)
  A phantom (D:5)
  3 lemures (D:4)
  Blork the orc (D:4)
  A wyvern zombie (D:6)
  A scorpion (D:5)
  3 hounds (D:5)
  An orc priest (D:4)
  An iguana (D:5)
  4 orc wizards
  A hound skeleton (D:4)
  4 gnolls (D:2)
  6 adders
  2 shadow imps
  An ufetubus (D:5)
  An adder skeleton (D:4)
  2 worms
  A dart slug (D:2)
  7 orcs
  2 ball pythons
  5 endoplasms
  2 giant cockroaches
  6 goblins
  5 hobgoblins
  3 jackals (D:1)
  3 quokkas
  4 bats
  4 frilled lizards
  8 kobolds
  3 rats
92 creatures vanquished.

Vanquished Creatures (others)
  18 plants (D:6)
18 creatures vanquished.

Grand Total: 110 creatures vanquished

Notes
Turn   | Place    | Note
-------+----------+-------------------------------------------
     0 | D:1      | Silio the Minotaur Fighter began the quest for the Orb.
     0 | D:1      | Reached XP level 1. HP: 19/19 MP: 0/0
   298 | D:1      | Reached XP level 2. HP: 27/27 MP: 1/1
   347 | D:1      | Reached skill level 4 in Armour
   348 | D:1      | Upgraded the game from 0.28-a0-1348-g050f3537b9 to
                  | 0.28-a0-1365-g7e0445c96d
   917 | D:2      | Reached XP level 3. HP: 22/33 MP: 2/2
  1887 | D:2      | Reached XP level 4. HP: 39/40 MP: 3/3
  2086 | D:2      | Reached skill level 5 in Armour
  2644 | D:3      | You fall into a shaft and drop 2 floors!
  2644 | D:5      | Entered Level 5 of the Dungeon
  2701 | D:5      | Noticed a sky beast
  2713 | D:5      | Killed a sky beast
  2714 | D:5      | Reached skill level 6 in Armour
  2714 | D:5      | Reached XP level 5. HP: 33/47 MP: 4/4
  2814 | D:5      | Learned a level 1 spell: Pain
  2895 | D:5      | Reached XP level 6. HP: 41/53 MP: 1/5
  3090 | D:5      | Found an iron altar of Okawaru.
  3090 | D:5      | Found a sparkling altar of Nemelex Xobeh.
  3094 | D:5      | Found a basalt altar of Yredelemnul.
  3095 | D:5      | Found a broken altar of Ashenzari.
  3095 | D:5      | Found a shimmering blue altar of Sif Muna.
  3106 | D:5      | Reached skill level 7 in Armour
  3106 | D:5      | Reached skill level 1 in Necromancy
  3144 | D:5      | Became a worshipper of Warmaster Okawaru
  3554 | D:5      | Reached XP level 7. HP: 34/60 MP: 6/6
  3958 | D:4      | Found a hide-covered altar of Uskayaw.
  4050 | D:4      | Noticed Blork the orc
  4060 | D:4      | Killed Blork the orc
  4061 | D:4      | Reached skill level 5 in Maces & Flails
  4159 | D:4      | Noticed Pikel
  4185 | D:4      | Gained mutation: You have very sharp teeth. [potion of
                  | mutation]
  4185 | D:4      | Gained mutation: You are partially covered in iridescent
                  | scales. (AC +2) [potion of mutation]
  4185 | D:4      | Gained mutation: Your natural rate of healing is unusually
                  | fast. [potion of mutation]
  4340 | D:4      | Killed Pikel
  4340 | D:4      | Reached * piety under Okawaru
  4341 | D:4      | Reached skill level 5 in Fighting
  4341 | D:4      | Reached skill level 9 in Armour
  4341 | D:4      | Reached skill level 1 in Spellcasting
  4341 | D:4      | Reached XP level 8. HP: 61/68 MP: 8/8
  4796 | D:6      | Noticed Menkaure
  4819 | D:6      | Killed Menkaure
  4820 | D:6      | Reached skill level 10 in Armour
  4824 | D:6      | Reached ** piety under Okawaru
  4942 | D:6      | Slain by an orc warrior

Illustrated notes

Levels and vault maps discovered:
D:1:      scummos_arrival_simple_crosswalls, layout_loops_ring
D:2:      minmay_razor_zed, layout_basic, minmay_tiny_reverse_x
D:3:      layout_basic, grunt_temple_overflow_forces_of_nature,
          nicolae_wormholes, uniq_ijyb
D:4:      layout_layer_cave, nicolae_uskayaw_dance_hall, portal_sewer_entry_d,
          uniq_blork_the_orc, uniq_pikel
D:5:      layout_basic, grunt_temple_overflow_open
D:6:      layout_layer_cave, serial_shops, nicolae_shop_crystal,
          nicolae_grassy_gnolls, uniq_menkaure

Skill      XL: |  1  2  3  4  5  6  7  8 |
---------------+-------------------------+-----
Fighting       | 4 5 |  5.7
Armour         | 4 6 7 9 10 | 10.2
Shields        | 4 |  4.9
Maces & Flails | 3 4 5 |  5.9
Necromancy     | 1 2 |  2.3
Spellcasting   | 1 |  1.0
Stealth        | |  0.5

Action                   |  1- 3 |  4- 6 |  7- 9 || total
-------------------------+-------+-------+-------++-------
Melee: Flail             |    92 |    81 |     8 ||   181
       Headbutt          |    12 |    13 |    33 ||    58
       Whip              |       |       |   126 ||   126
       Bite              |       |       |    17 ||    17
 Cast: Pain              |       |     6 |       ||     6
Invok: Heroism           |       |       |     1 ||     1
  Use: Scroll            |       |       |     2 ||     2
       Potion            |       |       |     2 ||     2
Armor: Scale mail        |    35 |    32 |    67 ||   134
Dodge: Dodged            |    50 |    62 |    62 ||   174
Block: Buckler           |    16 |    24 |    28 ||    68

Table legend: (Time is in decaauts)
 A = Elapsed time spent in this place.
 B = Non-inter-level travel time spent in this place.
 C = Inter-level travel time spent in this place.
 D = Time resting spent in this place.
 E = Time spent auto-exploring this place.
 F = Levels seen in this place.
 G = Mean time per level.
                   A        B        C        D        E       F      G
               +--------+--------+--------+--------+--------+-----+--------+
         Total |   4957 |   4957 |      0 |    966 |     38 |   6 |  826.2 |
       Dungeon |   4957 |   4957 |      0 |    966 |     38 |   6 |  826.2 |
               +--------+--------+--------+--------+--------+-----+--------+

Top non-repeatable levels by time:
     D:2: 1694 daAuts
     D:5: 1362 daAuts
     D:1: 920 daAuts
     D:4: 613 daAuts
     D:6: 307 daAuts
     D:3: 58 daAuts
